Map: 로스트 앤 파운드 - 래더

Players

LiquidTaeJa (TaeJa)

  • Race: Terran Terran
  • League: Diamond
  • Spawn Location: 1:00

PtitDrogo - Winner!

  • Race: Protoss Protoss
  • League: Master
  • Spawn Location: 7:00

Event: HomeStory Cup XVIII

VOD

Have the link to the VOD?

Description

Time

  • Played on: Nov. 23, 2018, 1:47 p.m.
  • Length: 9:24

All games in this series

Show
View Real Time Build Order
Export as new Build Order

LiquidTaeJa Terran 

Build Orders:  

Get SALT Encoding   

  12  0:00  SCV  
  13  0:12  SCV  
  14  0:17  Supply Depot  
  14  0:24  SCV  
  15  0:39  SCV  
  15  0:41  Barracks  
  16  0:45  Refinery  
  16  0:51  SCV  
  16  0:54  Refinery  
  17  1:03  SCV  
  18  1:15  SCV  
  19  1:27  Orbital Command  
  19  1:28  Reaper  
  20  1:35  Supply Depot  
  20  1:47  Factory  
  20  1:50  Bunker  
  20  1:54  SCV  
  20  2:00  Reaper  
  22  2:07  SCV  
  23  2:19  SCV  
  24  2:30  Command Center  
  24  2:32  Starport  
  24  2:36  Widow Mine  
  26  2:39  SCV  
  27  2:47  Supply Depot  
  27  2:51  SCV  
  28  3:02  Factory Tech Lab  
  28  3:03  SCV  
  29  3:08  Starport Tech Lab  
  29  3:18  SCV  
  30  3:21  Cyclone  
  33  3:30  SCV  
  33  3:33  Raven  
  35  3:42  Barracks Reactor, Orbital Command, SCV  
  36  3:54  SCV  
  37  4:05  Siege Tank, Barracks  
  37  4:06  Barracks  
  37  4:07  SCV  
  41  4:11  Orbital Command  
  41  4:19  Marine, SCV  
  41  4:20  Marine  
  43  4:31  Bunker, Viking, SCV  
  45  4:37  SCV  
  47  4:44  SCV  
  48  4:46  Siege Tank  
  48  4:47  Marine x2  
  48  4:52  SCV  
  54  4:54  Supply Depot  
  54  5:05  Starport Reactor  
  54  5:06  Barracks Tech Lab  
  54  5:10  Supply Depot  
  54  5:13  Engineering Bay  
  54  5:15  Marine x3, SCV x2  
  54  5:16  Supply Depot, Stimpack  
  54  5:20  Refinery  
  59  5:25  Marine  
  59  5:27  SCV x2  
  62  5:34  Supply Depot, Marine x3  
  65  5:36  Combat Shield  
  65  5:39  SCV x2  
  65  5:41  Supply Depot  
  67  5:42  Marine  
  68  5:53  Factory Reactor, SCV x2  
  68  5:54  Marine x2  
  68  5:55  Marauder  
  70  6:02  Marauder  
  72  6:04  Medivac  
  72  6:05  SCV x2  
  72  6:07  Command Center  
  76  6:12  Marine x2  
  76  6:16  Marauder  
  76  6:18  SCV x2  
  82  6:21  Refinery  
  82  6:22  Supply Depot  
  82  6:23  Marauder  
  82  6:24  Supply Depot  
  84  6:30  Terran Infantry Weapons Level 1  
  84  6:32  Marine  
  84  6:33  Marine  
  84  6:34  Engineering Bay  
  84  6:38  Medivac  
  84  6:39  SCV  
  90  6:40  SCV  
  90  6:45  Marauder  
  90  6:46  Marauder  
  94  6:54  Widow Mine, Barracks x2  
  94  6:55  Widow Mine, Marine  
  99  7:03  Terran Infantry Armor Level 1  
  99  7:07  Marauder  
  101  7:09  SCV x2  
  101  7:14  Medivac x2  
  107  7:18  Marine  
  107  7:19  Marine  
  107  7:20  Orbital Command  
  107  7:21  Concussive Shells  
  107  7:22  Marauder  
  111  7:26  Widow Mine  
  111  7:28  SCV  
  111  7:29  SCV  
  115  7:34  Supply Depot x2, Marine  
  116  7:38  Orbital Command  
  116  7:40  Marine x2  
  116  7:41  SCV x2  
  120  7:45  Widow Mine  
  120  7:47  Widow Mine  
  124  7:53  SCV  
  124  7:56  SCV  
  125  8:00  Marine x2, Marauder x2  
  125  8:05  SCV x2  
  116  8:07  Widow Mine  
  116  8:08  Widow Mine  
  116  8:10  Barracks Reactor  
  120  8:13  Ghost Academy  
  120  8:19  Marine x2  
  122  8:26  Marauder x2  
  124  8:28  Widow Mine  
  122  8:35  Marauder  
  122  8:37  Marine x2  
  122  8:39  Widow Mine  
  117  8:43  SCV x3  
  117  8:47  Armory, Marauder  
  120  8:49  Widow Mine  
  120  8:52  Marine x2  
  120  8:53  Marauder  
  118  8:56  Marauder  
  118  8:58  Refinery x2  
  118  9:01  Supply Depot, Widow Mine  
  124  9:03  Missile Turret  
  124  9:08  Missile Turret  
Show
View Real Time Build Order
Export as new Build Order

PtitDrogo Protoss - Winner!

Build Orders: 1 Gate Expand, Oracle Opening 

Get SALT Encoding   

  12  0:00  Probe  
  13  0:12  Probe  
  14  0:16  Pylon  
  14  0:24  Probe  
  15  0:32  Probe  
  15  0:37  Gateway  
  15  0:40  Probe  
  16  0:45  Assimilator  
  17  0:51  Probe  
  18  1:03  Probe  
  19  1:15  Probe  
  20  1:20  Nexus  
  20  1:30  Cybernetics Core  
  20  1:39  Zealot  
  22  1:44  Assimilator  
  22  1:51  Pylon  
  22  1:58  Probe  
  22  1:59  Stalker  
  25  2:20  Stargate  
  25  2:28  Probe  
  25  2:30  Probe  
  25  2:31  Warp Gate  
  25  2:36  Probe  
  27  2:38  Probe  
  29  2:46  Stalker  
  29  2:49  Probe  
  31  2:51  Probe  
  32  2:59  Oracle  
  32  3:01  Probe  
  32  3:03  Probe  
  37  3:13  Probe  
  37  3:15  Probe  
  39  3:21  Pylon  
  39  3:25  Probe  
  40  3:27  Probe  
  41  3:36  Probe  
  41  3:37  Oracle, Probe  
  46  3:46  Gateway, Probe  
  46  3:49  Gateway, Probe  
  48  3:59  Probe  
  48  4:01  Probe  
  50  4:02  Pylon  
  50  4:11  Probe  
  50  4:15  Probe  
  48  4:18  Nexus  
  48  4:20  Probe  
  48  4:23  Pylon  
  48  4:27  Probe  
  48  4:30  Probe  
  50  4:33  Twilight Council  
  50  4:36  Forge  
  51  4:39  Probe  
  51  4:42  Assimilator  
  51  4:43  Protoss Ground Weapons Level 1  
  51  4:44  Assimilator, Probe  
  53  4:49  Oracle  
  53  4:51  Probe  
  57  4:54  Resonating Glaives  
  57  4:59  Probe  
  58  5:03  Probe  
  59  5:07  Sentry  
  59  5:11  Probe  
  62  5:15  Probe  
  63  5:23  Probe  
  63  5:27  Probe  
  65  5:34  Gateway x2  
  65  5:35  Gateway, Probe x2  
  67  5:39  Gateway  
  67  5:41  Gateway  
  67  5:52  Probe  
  67  5:53  Probe  
  67  5:54  Probe  
  70  5:58  Robotics Facility  
  70  6:00  Sentry x2  
  70  6:01  Adept  
  76  6:04  Gateway, Probe  
  76  6:05  Pylon, Probe  
  76  6:06  Probe  
  79  6:17  Pylon, Probe  
  79  6:18  Probe  
  81  6:21  Pylon, Probe  
  81  6:25  Pylon  
  82  6:26  Blink, Protoss Ground Armor Level 1  
  82  6:28  Shield Battery  
  82  6:29  Pylon, Adept x3, Probe  
  82  6:30  Adept  
  91  6:37  Sentry  
  91  6:38  Adept x3  
  99  6:40  Assimilator  
  99  6:44  Assimilator  
  99  6:50  Warp Prism  
  99  6:52  Probe x2  
  99  6:53  Probe  
  104  7:10  Stalker x2  
  104  7:11  Adept x5  
  104  7:14  Robotics Bay  
  118  7:16  Pylon  
  118  7:18  Pylon  
  118  7:23  Stalker  
  118  7:25  Stalker  
  122  7:34  Adept x2  
  126  7:37  Adept x4  
  134  7:46  Adept  
  134  7:54  Adept x3  
  134  8:08  Stalker x3  
  134  8:12  Pylon  
  140  8:14  Pylon  
  140  8:15  Colossus  
  140  8:31  Pylon  
  140  8:33  Pylon, Forge  
  142  8:42  Adept x6  
  142  8:43  Nexus  
  132  8:56  Adept x2  
  132  8:57  Adept  
  132  9:02  Robotics Facility  
  134  9:14  Adept x6  
Tags
 
Add a new tag
Caveats
  • Supply blocks, unpowered buildings, or Contaminate may cause inaccurate times.
  • Supply counts are checked every 10 seconds.